 Dungeon Crawl Stone Soup version 0.32-a0-41-gec2d92a32c (webtiles) character file.

Game seed: 7251488141993307175

52 whatisthis the Sneak (level 3, -1/31 HPs)
             Began as a Gnoll Brigand on Jan 25, 2024.
             Slain by a hobgoblin (4 damage)
             ... led by Robin
             ... on level 2 of the Dungeon.
             The game lasted 00:02:18 (578 turns).

whatisthis the Sneak (Gnoll Brigand)                 Turns: 578, Time: 00:02:18

Health: -1/31      AC:  3    Str: 10    XL:     3   Next: 85%
Magic:  4/4        EV: 13    Int: 10    God:
Gold:   57         SH:  0    Dex: 15    Spells: 4/4 levels left

rFire   . . .        a - +3 dagger
rCold   . . .        (no shield)
rNeg    . . .        b - +0 robe
rPois   .            (no helmet)
rElec   .            c - +0 cloak
rCorr   .            (no gloves)
SInv    .            (no boots)
Will    .....        g - amulet of regeneration
Stlth   ++++         (no ring)
HPRegen 1.05/turn    (no ring)
MPRegen 0.09/turn

%: no passive effects
@: no status effects
A: fangs 1, strong nose, distributed training
a: no special abilities


You were on level 2 of the Dungeon.
You visited 1 branch of the dungeon, and saw 2 of its levels.

You collected 57 gold pieces.

Inventory:

Hand Weapons
 a - a +3 dagger (weapon)
Missiles
 d - 9 poisoned darts
Armour
 b - a +0 robe (worn)
 c - a +0 cloak (worn)
 j - a +0 kite shield
Jewellery
 g - an amulet of regeneration (around neck)
Scrolls
 h - a scroll of vulnerability {unknown}
Potions
 k - 2 potions of berserk rage {unknown}


   Skills:
 + Level 4.6 Fighting
 + Level 4.6 Short Blades
 + Level 1.0 Long Blades
 + Level 1.0 Axes
 + Level 1.0 Maces & Flails
 + Level 1.0 Polearms
 + Level 1.0 Staves
 + Level 1.0 Ranged Weapons
 + Level 4.6 Throwing
 + Level 1.0 Armour
 + Level 2.7 Dodging
 + Level 7.8 Stealth
 + Level 1.0 Shields
 + Level 1.0 Unarmed Combat
 + Level 1.0 Spellcasting
 + Level 0.7 Conjurations
 + Level 0.7 Hexes
 + Level 0.7 Summonings
 + Level 0.7 Necromancy
 + Level 0.7 Translocations
 + Level 0.7 Fire Magic
 + Level 0.7 Ice Magic
 + Level 0.7 Air Magic
 + Level 0.7 Earth Magic
 + Level 0.7 Alchemy
 + Level 1.1 Invocations
 + Level 1.0 Evocations
 + Level 0.9 Shapeshifting


You had 4 spell levels left.
You didn't know any spells.
Your spell library was empty.

Dungeon Overview and Level Annotations

Branches:
Dungeon (2/15)

Altars:

Annotations:
D:2 Robin


Innate Abilities, Weirdness & Mutations

You have very sharp teeth.
Your uncanny sense of smell can sniff out nearby items.
Your experience applies equally to all skills.


Message History

Aim: a goblin, wielding a +0 club (strong, 53% to hit)
You throw a curare-tipped dart.
The curare-tipped dart closely misses the goblin.
The hobgoblin hits you. The goblin closely misses you. x2
Unknown command.
Throw: dart (curare)
Press: ? - help, Q - select action, (/) - cycle Shift-Dir - straight line, f - goblin, p - goblin
Aim: a goblin, wielding a +0 dagger (strong, 53% to hit)
You throw a curare-tipped dart.
The curare-tipped dart barely misses the goblin.
Robin misses you. The goblin closely misses you.
The hobgoblin barely misses you. The goblin hits you with a +0 dagger.
You hit Robin but do no damage. You bite Robin, but do no damage.
Robin is heavily wounded.
You hit Robin but do no damage.
Robin is severely wounded.
A goblin comes into view. It is wielding a +0 club.
The hobgoblin misses you. The goblin hits you with a +0 dagger.
The goblin barely misses you. Robin throws the goblin at you!
You hit Robin. Your punch misses Robin.
Robin is almost dead.
The hobgoblin hits you. The goblin hits you with a +0 club.
* * * LOW HITPOINT WARNING * * *
The goblin barely misses you. The goblin hits you but does no damage.
Unknown command.
You hit Robin.
Robin is almost dead.
The goblin hits you but does no damage. The goblin hits you with a +0 club.
* * * LOW HITPOINT WARNING * * *
The hobgoblin hits you but does no damage.
The goblin hits you but does no damage.
As you read the scroll labelled POMIAC LYICLUR, it dissolves into smoke.
It was a scroll of fog.
The goblin barely misses you. x2
The hobgoblin hits you but does no damage.
The goblin misses you.
Unknown command.
As you read the scroll labelled OWKORI KIGUT, it crumbles to dust.
It is a scroll of enchant weapon.
Your +2 dagger glows red for a moment.
The hobgoblin hits you.
You die...

##...........#
##.#####...### ..
##.# #...# .# ##.#
#...######.### ∆
...# #............
..######...#####..#
#...........).§.§§#
..............§ggg#
#........(....§g@##
#.######...#####g#
#.# #.... §g§. ..##
#..... #####g# ...#
##...# # ##.# #...
# #... # .


You could see Robin (poisoned, slow), a hobgoblin (strong) and 4 goblins.

Vanquished Creatures
  2 adders (D:2)
  2 endoplasms (D:1)
  2 giant cockroaches
  4 goblins
  2 hobgoblins
  2 quokkas
  6 ball pythons (D:1)
  4 bats
  4 frilled lizards
  2 kobolds
  5 rats (D:1)
35 creatures vanquished.

Notes
Turn   | Place    | Note
-------+----------+-------------------------------------------
     0 | D:1      | whatisthis the Gnoll Brigand began the quest for the Orb.
     0 | D:1      | Reached XP level 1. HP: 20/20 MP: 1/1
    63 | D:1      | Reached XP level 2. HP: 25/26 MP: 2/2
   198 | D:1      | Found a faded altar of an unknown god.
   445 | D:2      | Reached XP level 3. HP: 31/31 MP: 3/3
   512 | D:2      | Reached skill level 1 in Invocations
   551 | D:2      | Reached skill level 1 in Long Blades
   551 | D:2      | Reached skill level 1 in Axes
   551 | D:2      | Reached skill level 1 in Maces & Flails
   551 | D:2      | Reached skill level 1 in Polearms
   551 | D:2      | Reached skill level 1 in Staves
   551 | D:2      | Reached skill level 1 in Ranged Weapons
   551 | D:2      | Reached skill level 1 in Armour
   551 | D:2      | Reached skill level 1 in Shields
   551 | D:2      | Reached skill level 1 in Unarmed Combat
   551 | D:2      | Reached skill level 1 in Spellcasting
   551 | D:2      | Reached skill level 1 in Evocations
   565 | D:2      | Noticed Robin
   576 | D:2      | HP: 1/31 [goblin/+0 club[Robin] (6)]
   578 | D:2      | Slain by a hobgoblin

Illustrated notes

Levels and vault maps discovered:
D:1:      dpeg_arrival_windows_large_door, layout_rooms,
          ebering_ecumenical_altar_rust, st_stairs_10
D:2:      layout_loops_cross, dk_noncrumbling_3, uniq_robin

Skill      XL: |  1  2  3 |
---------------+----------+-----
Invocations    | 1 |  1.1
Long Blades    | 1 |  1.0
Axes           | 1 |  1.0
Maces & Flails | 1 |  1.0
Polearms       | 1 |  1.0
Staves         | 1 |  1.0
Ranged Weapons | 1 |  1.0
Armour         | 1 |  1.0
Shields        | 1 |  1.0
Unarmed Combat | 1 |  1.0
Spellcasting   | 1 |  1.0
Evocations     | 1 |  1.0
Fighting       | |  4.6
Short Blades   | |  4.6
Throwing       | |  4.6
Dodging        | |  2.7
Stealth        | |  7.8
Conjurations   | |  0.7
Hexes          | |  0.7
Summonings     | |  0.7
Necromancy     | |  0.7
Translocations | |  0.7
Fire Magic     | |  0.7
Ice Magic      | |  0.7
Air Magic      | |  0.7
Earth Magic    | |  0.7
Alchemy        | |  0.7
Shapeshifting  | |  0.9

Action                     || total
---------------------------++-------
  Melee: Dagger            ||   100
         Bite              ||     7
  Throw: Dart              ||     3
    Use: Scroll            ||     2
   Stab: Sleeping          ||     7
 Armour: Robe              ||    58
  Dodge: Dodged            ||    76

Table legend: (Time is in decaauts)
 A = Elapsed time spent in this place.
 B = Non-inter-level travel time spent in this place.
 C = Inter-level travel time spent in this place.
 D = Time resting spent in this place.
 E = Time spent auto-exploring this place.
 F = Levels seen in this place.
 G = Mean time per level.
                   A        B        C        D        E       F      G
               +--------+--------+--------+--------+--------+-----+--------+
         Total |    555 |    541 |     14 |      3 |    229 |   2 |  277.5 |
       Dungeon |    555 |    541 |     14 |      3 |    229 |   2 |  277.5 |
               +--------+--------+--------+--------+--------+-----+--------+

Top non-repeatable levels by time:
     D:1: 409 daAuts
     D:2: 145 daAuts
